 Dungeon Crawl Stone Soup version 0.29-a0-383-g8b6f518c11 (webtiles) character file.

Game seed: 3792467697828234668

78 Bruhh the Chopper (level 4, 0/58 HPs)
             Began as a Hill Orc Monk on May 6, 2022.
             Slain by an adder (1 damage)
             ... on level 2 of the Dungeon.
             The game lasted 00:02:51 (2028 turns).

Bruhh the Chopper (Hill Orc Monk)                   Turns: 2028, Time: 00:02:51

Health: 0/58       AC: 22    Str: 11 (13) XL:     4   Next: 36%
Magic:  4/4        EV:  2    Int:  8 (10) God:
Gold:   113        SH:  0    Dex: 10 (13) Spells: 3/3 levels left

rFire   . . .      SeeInvis .   a - +0 hand axe
rCold   . . .      Faith    .   (no shield)
rNeg    . . .      Spirit   .   (body armour currently unavailable)
rPois   +          Reflect  .   (helmet currently unavailable)
rElec   .          Harm     .   (cloak currently unavailable)
rCorr   .          Rampage  .   (gloves currently unavailable)
Will    .....      NoTele   +   (boots currently unavailable)
Stlth   ++........              (no amulet)
HPRegen 0.19/turn               (no ring)
MPRegen 0.09/turn               (no ring)

@: brilliant, lethally poisoned (0 -> -5), tree-form
A: stationary, stasis, torment immunity, boosted hp, weak 1
a: no special abilities


You were on level 2 of the Dungeon.
You were a tree.
You visited 1 branch of the dungeon, and saw 2 of its levels.

You collected 113 gold pieces.

Inventory:

Hand Weapons
 a - a +0 hand axe (weapon)
Armour
 b - a +0 robe (melded)
Scrolls
 c - 3 scrolls of identify {unknown}
 d - a scroll of poison {unknown}
 g - a scroll of teleportation {unknown}


   Skills:
 - Level 3.6 Fighting
 * Level 6.7 Axes
 - Level 2.4 Dodging
 - Level 1.5 Stealth


You had 3 spell levels left.
You didn't know any spells.
Your spell library contained the following spells:

 Spells                   Type           Power      Damage    Failure   Level
 Summon Small Mammal      Summ           0%         N/A       41%         1
 Call Canine Familiar     Summ           0%         N/A       78%         3
 Summon Guardian Golem    Hex/Summ       0%         N/A       78%         3
 Fulminant Prism          Conj/Hex       0%         3d6       99%         4
 Iskenderun's Mystic Bla  Conj/Tloc      0%         2d3       99%         4
 Iron Shot                Conj/Erth      0%         9d1       100%        6


Dungeon Overview and Level Annotations

Branches:
Dungeon (2/15)

Altars:

Shops:
D:1 (


Innate Abilities, Weirdness & Mutations

You are a tree.
Your roots penetrate the ground, keeping you stationary.
You cannot be teleported.
You are immune to unholy pain and torment.
Your maximum health is greatly increased.
Your equipment is partially melded.
You are weak. (Str -2)


Message History

You feel sick. The adder bites you.
* * * LOW HITPOINT WARNING * * *
You closely miss the adder.
The adder is lightly wounded.
The adder bites you.
* * * LOW HITPOINT WARNING * * *
You are lethally poisoned!
The adder poisons you!
It was a potion of brilliance.
You feel clever all of a sudden.
* * * LOW HITPOINT WARNING * * *
You feel sick. The adder closely misses you.
It was a potion of lignification.
You turn into a tree.
Your +0 robe melds into your body.
Your roots penetrate the ground.
You feel sick.
The adder bites you but does no damage. x2
You miss the adder.
The adder is lightly wounded.
You feel sick. The adder bites you but does no damage.
You miss the adder.
The adder is lightly wounded.
You feel sick. The adder bites you but does no damage.
You closely miss the adder.
The adder is lightly wounded.
You feel sick.
The adder bites you but does no damage. x2
You hit the adder.
The adder is heavily wounded.
You feel sick. The adder bites you.
* * * LOW HITPOINT WARNING * * *
You are lethally poisoned!
The adder poisons you!
It was a potion of mutation.
You feel extremely strange.
You feel weaker.
* * * LOW HITPOINT WARNING * * *
You feel sick. The adder bites you but does no damage.
It was a potion of degeneration.
There was something very wrong with that liquid.
You feel weakened.
You feel dopey.
You feel clumsy.
* * * LOW HITPOINT WARNING * * *
You feel sick. The adder bites you but does no damage. The adder bites you.
You die...

#.##.# #.#
..##.# ..# #. .#
### #.# ### #.#
..# ###.### #.#
#.....# #.# #
#.....###.##.#
#.........♣S.#
#.....###..)...#
#.....# ########
###.#.###
#.....#####
#.#.......#
#.#######.#
#####.#### .#
##### .........#
#.# .....


You could see an adder.

Vanquished Creatures
  A gnoll (D:1)
  An adder (D:2)
  A dart slug (D:1)
  4 ball pythons
  7 bats
  6 endoplasms
  4 giant cockroaches
  8 goblins
  2 hobgoblins
  7 jackals (D:1)
  2 quokkas (D:1)
  2 frilled lizards
  4 kobolds
  A rat (D:1)
50 creatures vanquished.

Notes
Turn   | Place    | Note
-------+----------+-------------------------------------------
     0 | D:1      | Bruhh the Hill Orc Monk began the quest for the Orb.
     0 | D:1      | Reached XP level 1. HP: 19/19 MP: 1/1
   110 | D:1      | Reached XP level 2. HP: 22/26 MP: 2/2
   283 | D:1      | Reached skill level 5 in Axes
   400 | D:1      | Reached XP level 3. HP: 31/31 MP: 3/3
   447 | D:1      | Got the Incunabulum of Excruciating Stones
   454 | D:1      | Found Lolyukeg's Weapon Shop.
  1347 | D:2      | Reached skill level 6 in Axes
  1556 | D:2      | Reached XP level 4. HP: 28/39 MP: 4/4
  2027 | D:2      | Gained mutation: You are weak. (Str -2) [potion of
                  | mutation]
  2027 | D:2      | HP: 2/58 [poisoned by an adder]
  2028 | D:2      | Slain by an adder

Illustrated notes

Levels and vault maps discovered:
D:1:      heliophobic_arrival_henge, layout_basic, serial_shops,
          nicolae_shop_bloodbath_and_beyond
D:2:      layout_loops_ring

Skill      XL: |  1  2  3 |
---------------+----------+-----
Axes           | 5 6 |  6.7
Fighting       | |  3.6
Dodging        | |  2.4
Stealth        | |  1.5

Action                   |  1- 3 |  4- 6 || total
-------------------------+-------+-------++-------
Melee: Hand axe          |   117 |    54 ||   171
       Punch             |     1 |       ||     1
  Use: Potion            |     1 |     4 ||     5
 Stab: Sleeping          |     6 |     2 ||     8
Armor: Robe              |    15 |     9 ||    24
       Skin              |       |     8 ||     8
Dodge: Dodged            |    75 |    38 ||   113

Table legend: (Time is in decaauts)
 A = Elapsed time spent in this place.
 B = Non-inter-level travel time spent in this place.
 C = Inter-level travel time spent in this place.
 D = Time resting spent in this place.
 E = Time spent auto-exploring this place.
 F = Levels seen in this place.
 G = Mean time per level.
                   A        B        C        D        E       F      G
               +--------+--------+--------+--------+--------+-----+--------+
         Total |   2029 |   2012 |     17 |      0 |   1655 |   2 | 1014.5 |
       Dungeon |   2029 |   2012 |     17 |      0 |   1655 |   2 | 1014.5 |
               +--------+--------+--------+--------+--------+-----+--------+

Top non-repeatable levels by time:
     D:1: 1345 daAuts
     D:2: 684 daAuts
